 Dungeon Crawl Stone Soup version 0.27-a0-1332-g84bddb5ca7 (webtiles) character file.

Game seed: 10839904547946157457

1398 senseless the Shooter (level 8, 0/73 HPs)
             Began as a Minotaur Hunter on June 25, 2021.
             Slain by a vampire (2 damage)
             ... on level 5 of the Dungeon.
             The game lasted 00:16:50 (6294 turns).

senseless the Shooter (Minotaur Hunter)             Turns: 6294, Time: 00:16:50

Health: 0/73       AC:  6    Str: 18    XL:     8   Next: 41%
Magic:  7/7        EV: 14    Int:  8    God:
Gold:   228        SH:  0    Dex: 12    Spells: 7/7 levels left

rFire    . . .     SeeInvis .   b - +1 dagger (speed)
rCold    . . .     Faith    .   (no shield)
rNeg     . . .     Spirit   .   c - +0 leather armour
rPois    .         Reflect  .   (helmet restricted)
rElec    .         Harm     .   (no cloak)
rCorr    .         Rampage  .   n - +1 pair of gloves
Will     .....                  l - +0 pair of boots
Stlth    ++........             (no amulet)
HPRegen  0.22/turn              (no ring)
MPRegen  0.10/turn              (no ring)

@: no status effects
A: horns 2, retaliatory headbutt
a: no special abilities


You were on level 5 of the Dungeon.
You visited 1 branch of the dungeon, and saw 5 of its levels.

You collected 270 gold pieces.
You spent 42 gold pieces at shops.

Inventory:

Hand Weapons
 a - a +2 shortbow
 b - a +1 dagger of speed (weapon)
Missiles
 d - 15 arrows
 f - 4 curare-tipped darts (quivered)
Armour
 c - a +0 leather armour (worn)
 l - a +0 pair of boots (worn)
 n - a +1 pair of gloves (worn)
Wands
 k - a wand of paralysis (11)
Scrolls
 g - a scroll of amnesia
 h - 2 scrolls of fear
 j - 3 scrolls of teleportation
 q - a scroll of magic mapping
Potions
 e - a potion of ambrosia {unknown}
 m - a potion of brilliance {unknown}
 o - a potion of attraction {unknown}


   Skills:
 + Level 7.1 Fighting
 + Level 7.7 Bows
 + Level 6.5 Dodging
 - Level 2.9 Stealth


You had 7 spell levels left.
You didn't know any spells.
Your spell library was empty.

Dungeon Overview and Level Annotations

Branches:
Dungeon (5/15)
 Temple: D:4-7

Altars:
Elyvilon
Nemelex Xobeh

Shops:
D:3 *


Innate Abilities, Weirdness & Mutations

You have a pair of horns on your head.
You reflexively headbutt those who attack you in melee.


Message History

The vampire flickers and vanishes!
Deactivating autopickup; reactivate with Ctrl-A.
No target in view!
No target in view!
Your leather armour prevents you from hitting something.
You hit something but do no damage. You headbutt something.
Something barely misses you. Something bites you.
Something draws strength from your injuries!
You miss something. Something hits you but does no damage. Something bites you!
Something draws strength from your injuries!
You closely miss something. You hit something but do no damage.
Something hits you! Something bites you.
Something draws strength from your injuries!
You miss something. You headbutt something.
Something hits you but does no damage. Something bites you but does no damage.
You barely miss something. You headbutt something.
You hit something but do no damage.
You hear some strange, mumbled words.
You are confused.
You completely miss something. Something hits you! Something bites you.
Something draws strength from your injuries!
You hit something but do no damage. Your headbutt misses something.
You barely miss something. Something hits you!
* * * LOW HITPOINT WARNING * * *
Something bites you but does no damage.
You miss something. Something hits you but does no damage. Something bites you.
* * * LOW HITPOINT WARNING * * *
Something draws strength from your injuries!
You miss something.
You bump into the stone wall.
You feel less confused. Something hits you!
* * * LOW HITPOINT WARNING * * *
Something bites you but does no damage.
You barely miss something. Something barely misses you.
Something completely misses you.
You closely miss something. Something hits you.
* * * LOW HITPOINT WARNING * * *
Something bites you.
You die...

## #. #.
############### #.
.(............. ##.
.(((.(......... #..
..### #..#####.. #..
.....#@.#...... #..
.....#..#.....o #..
####..#..#..### #..
S.....#..#..... ##.
###......#..# .... #.
####.#..#####..#####.
#.
#....#......#..#....h.
##. #....#
.Z...#..#...... ##.)
###..#####..#..#..####
##...


There were no monsters in sight!

Vanquished Creatures
  Sigmund (D:3)
  An orc warrior (D:5)
  2 ogres (D:4)
  The ghost of tilp the Caller, an amateur BaSu (D:4)
  A phantom (D:5)
  3 scorpions
  A water moccasin skeleton (D:4)
  A howler monkey (D:4)
  A centaur skeleton (D:5)
  An orc priest (D:4)
  4 hounds
  2 iguanas
  Jessica (D:3)
  Terence (D:2)
  An orc wizard (D:5)
  A killer bee zombie (D:5)
  10 adders
  A shadow imp (D:5)
  2 ufetubi
  An adder zombie (D:4)
  2 adder skeletons (D:4)
  3 worms
  5 dart slugs
  14 orcs
  5 ball pythons
  6 endoplasms
  A giant cockroach (D:4)
  4 goblins
  4 hobgoblins
  14 jackals (D:1)
  3 quokkas
  4 bats
  3 frilled lizards
  2 kobolds
  9 rats
116 creatures vanquished.

Notes
Turn   | Place    | Note
-------+----------+-------------------------------------------
     0 | D:1      | senseless the Minotaur Hunter began the quest for the Orb.
     0 | D:1      | Reached XP level 1. HP: 18/18 MP: 0/0
    68 | D:1      | Found a faded altar of an unknown god.
   270 | D:1      | Reached skill level 1 in Stealth
   506 | D:1      | Reached XP level 2. HP: 21/25 MP: 1/1
  1154 | D:1      | Reached XP level 3. HP: 31/31 MP: 2/2
  1221 | D:2      | Found a sparkling altar of Nemelex Xobeh.
  1836 | D:2      | Noticed Terence
  1842 | D:2      | Killed Terence
  1843 | D:2      | Reached skill level 5 in Bows
  1843 | D:2      | Reached XP level 4. HP: 38/38 MP: 3/3
  2229 | D:3      | Found a white marble altar of Elyvilon.
  2233 | D:3      | Noticed Jessica
  2236 | D:3      | Killed Jessica
  2237 | D:3      | Reached XP level 5. HP: 46/46 MP: 4/4
  2319 | D:3      | Noticed Sigmund
  2325 | D:3      | Killed Sigmund
  2326 | D:3      | Reached XP level 6. HP: 53/53 MP: 5/5
  2337 | D:3      | Found Nuuhohoe's Assorted Antiques.
  2403 | D:3      | Bought a scroll labelled CILORE BATWANAES for 21 gold
                  | pieces
  2403 | D:3      | Bought a scroll labelled WOCWOG TOERI for 21 gold pieces
  3348 | D:4      | Reached skill level 5 in Fighting
  3543 | D:4      | Reached XP level 7. HP: 61/61 MP: 6/6
  3570 | D:4      | Found a runed translucent door.
  3573 | D:4      | Noticed tilp's ghost (amateur BaSu)
  3790 | D:4      | Reached skill level 5 in Dodging
  4308 | D:4      | Killed tilp's ghost
  4542 | D:5      | Entered Level 5 of the Dungeon
  4972 | D:5      | Reached XP level 8. HP: 69/71 MP: 7/7
  6292 | D:5      | HP: 3/73 [something (12)]
  6294 | D:5      | Slain by a vampire

Illustrated notes

Levels and vault maps discovered:
D:1:      dpeg_arrival_rhombi, layout_loops_corners,
          ebering_ecumenical_altar_abandoned, minmay_tree_intersection
D:2:      layout_loops_cross, basic_altar, uniq_terence
D:3:      layout_loops_ring, elyvilon_altar_3, serial_shops, shop, uniq_jessica,
          uniq_sigmund
D:4:      minmay_opposing_rooms, layout_gridville, ebering_ghost_inner_flame
D:5:      kennysheep_windowed_halls, layout_layer_cave

Skill      XL: |  1  2  3  4  5  6  7  8 |
---------------+-------------------------+-----
Stealth        | 1 2 |  2.9
Fighting       | 3 4 5 6 7 |  7.1
Dodging        | 3 4 5 6 |  6.5
Bows           | 5 6 7 |  7.7

Action                   |  1- 3 |  4- 6 |  7- 9 || total
-------------------------+-------+-------+-------++-------
Melee: Short sword       |    35 |    33 |       ||    68
       Headbutt          |     5 |     9 |    46 ||    60
       Dagger            |       |     1 |   220 ||   221
 Fire: Shortbow          |    66 |    80 |    86 ||   232
  Use: Scroll            |       |    10 |       ||    10
       Potion            |       |       |     1 ||     1
 Stab: Sleeping          |     1 |       |       ||     1
Armor: Leather armour    |     9 |     8 |    55 ||    72
Dodge: Dodged            |    23 |    36 |   126 ||   185

Table legend: (Time is in decaauts)
 A = Elapsed time spent in this place.
 B = Non-inter-level travel time spent in this place.
 C = Inter-level travel time spent in this place.
 D = Time resting spent in this place.
 E = Time spent auto-exploring this place.
 F = Levels seen in this place.
 G = Mean time per level.
                   A        B        C        D        E       F      G
               +--------+--------+--------+--------+--------+-----+--------+
         Total |   6203 |   6047 |    156 |    315 |   4940 |   5 | 1240.6 |
       Dungeon |   6203 |   6047 |    156 |    315 |   4940 |   5 | 1240.6 |
               +--------+--------+--------+--------+--------+-----+--------+

Top non-repeatable levels by time:
     D:4: 1838 daAuts
     D:5: 1332 daAuts
     D:1: 1215 daAuts
     D:3: 937 daAuts
     D:2: 879 daAuts
